 Dungeon Crawl Stone Soup version 0.19-a0-627-g7ac35de (webtiles) character file.

135 Ordine the Magician (level 4, 16/24 HPs)
             Began as a Deep Elf Wizard on June 13, 2016.
             Quit the game on level 6 of the Dungeon.
             The game lasted 00:07:16 (2290 turns).

Ordine the Magician (Deep Elf Wizard)               Turns: 2290, Time: 00:07:16

Health: 16/24      AC:  3    Str:  2 (4)  XL:     4   Next: 96%
Magic:  14/14      EV: 12    Int: 21 (24) God:
Gold:   77         SH:  0    Dex: 10 (13) Spells: 5 memorised, 4 levels left

rFire  . . .     SeeInvis .     g - +1 club
rCold  . . .     Gourm    .     a - +0 robe
rNeg   . . .     Faith    .     (no shield)
rPois  .         Spirit   .     b - +0 hat
rElec  .         Dismiss  .     (no cloak)
rCorr  .         Reflect  .     (no gloves)
SustAt .         Harm     .     (no boots)
MR     .....                    (no amulet)
Stlth  ++........               (no ring)
                                (no ring)

@: repel missiles, not resistant to hostile enchantments, unstealthy
A: molten scales 1, regeneration 1
a: no special abilities


You were on level 6 of the Dungeon.
You were not hungry.

You visited 1 branch of the dungeon, and saw 4 of its levels.

You collected 77 gold pieces.

Inventory:

Hand Weapons
 g - a +1 club (weapon)
Armour
 a - a +0 robe (worn)
 b - a +0 hat (worn)
Scrolls
 i - a scroll of identify
 j - a scroll of recharging
Potions
 e - a potion of flight
Books
 c - a book of Minor Magic

   Spells                             Type                      Level
   a - Magic Dart                     Conjuration                  1
   b - Blink                          Translocation                2
   c - Call Imp                       Summoning                    2
   d - Repel Missiles                 Charms/Air                   2
   e - Slow                           Hexes                        2
   f - Conjure Flame                  Conjuration/Fire             3
   g - Mephitic Cloud                 Conjuration/Poison/Air       3
Comestibles
 d - 2 bread rations
 f - 3 chunks of flesh
 h - 2 beef jerkies


   Skills:
 - Level 2.4 Dodging
 - Level 2.4 Stealth
 * Level 6.3 Spellcasting
 + Level 2.7 Conjurations
   Level 1.1 Summonings
 + Level 2.5 Translocations


You had 4 spell levels left.
You knew the following spells:

 Your Spells              Type           Power        Failure   Level  Hunger
a - Magic Dart            Conj           ###.         3%          1    None
b - Blink                 Tloc           N/A          6%          2    None
c - Conjure Flame         Conj/Fire      ##......     21%         3    #......
d - Mephitic Cloud        Conj/Pois/Air  ##......     21%         3    #......
i - Repel Missiles        Chrm/Air       #.....       14%         2    None


Dungeon Overview and Level Annotations

Branches:
Dungeon (3/15)

Altars:


Innate Abilities, Weirdness & Mutations

You are partially covered in molten scales. (AC +1)
Your natural rate of healing is unusually fast.


Message History

The centaur zombie hits you but does no damage.
Okay, then.
A jelly comes into view.
The jelly quivers.
An orc wizard comes into view. It is wielding a dagger.
The worker ant twitches its antennae in your direction.
The centaur zombie completely misses you.
The worker ant waves its antennae.
The worker ant barely misses you. The centaur zombie closely misses you.
The worker ant barely misses you. The hound bites you.
The centaur zombie misses you. The hound barely misses you.
Okay, then.
The hound barely misses you. The centaur zombie hits you.
The worker ant barely misses you.
An ogre comes into view. It is wielding a giant spiked club.
The ogre shouts!
The hound barely misses you.
Are you sure you want to abandon this character and quit the game? (Confirm with "yes".)

######### #........
#........ #.....O..
####@....... #.ah####.##.
#..Z# #$##.# .... #..o#
#....# ##.... ## #..J#
#..#.. ..... .o.# #...#
#..#.# .#..
##...#...####..#.# ##....
...........%...#.# #..#..
.........###...#.####.###.


You could see an ogre, a hound, a jelly, a worker ant, an orc and a centaur
zombie.

Vanquished Creatures
  Terence (D:2)
  4 adders (D:2)
  3 oozes
  2 worms (D:2)
  5 dart slugs
  2 giant geckos
  2 orcs (D:2)
  8 goblins
  3 hobgoblins (D:1)
  A quokka (D:2)
  9 bats
  2 giant newts (D:2)
  A kobold (D:2)
  4 rats
47 creatures vanquished.

Notes
Turn   | Place    | Note
--------------------------------------------------------------
     0 | D:1      | Ordine the Deep Elf Wizard began the quest for the Orb.
     0 | D:1      | Reached XP level 1. HP: 10/10 MP: 7/7
   198 | D:1      | Reached skill level 5 in Spellcasting
   198 | D:1      | Reached XP level 2. HP: 9/15 MP: 0/10
   209 | D:1      | Learned a level 2 spell: Blink
   514 | D:1      | Reached XP level 3. HP: 12/19 MP: 4/11
   520 | D:1      | Learned a level 3 spell: Conjure Flame
   524 | D:1      | Learned a level 3 spell: Mephitic Cloud
   527 | D:1      | Learned a level 2 spell: Repel Missiles
  1331 | D:2      | Reached XP level 4. HP: 24/24 MP: 9/13
  1462 | D:2      | Reached skill level 6 in Spellcasting
  1493 | D:2      | Noticed Terence
  1515 | D:2      | Gained mutation: Your natural rate of healing is unusually fast. [potion of mutation]
  1515 | D:2      | Gained mutation: You are partially covered in molten scales. (AC +1) [potion of mutation]
  1544 | D:2      | Killed Terence
  2098 | D:2      | Found a faded altar of an unknown god.
  2260 | D:3      | You fall through a shaft for 3 floors!
  2288 | D:6      | Noticed an ogre
  2290 | D:6      | Quit the game

Vault maps used:
D:1:      eino_arrival_cavern_e, serial_bayou_pond_b, minmay_misc_feat_diagonals
D:2:      ecumenical_altar_1, uniq_terence
D:3:      gup_sewer_entry_bubbles, grunt_ministairs_9, lemuel_tele_altar
D:6:      temple_statues, serial_shops, shop, basic_altar, grunt_ministairs_4

Skill      XL: |  1  2  3  4 |
---------------+-------------+-----
Spellcasting   | 5 6 |  6.3
Conjurations   | 2 |  2.7
Translocations | 2 |  2.5
Dodging        | |  2.4
Stealth        | |  2.4
Summonings     | |  1.1

Action                   |  1- 3 |  4- 6 || total
-------------------------+-------+-------++-------
Melee: Club              |    16 |       ||    16
 Cast: Magic Dart        |    69 |    67 ||   136
       Repel Missiles    |     1 |       ||     1
       Conjure Flame     |       |     1 ||     1
       Blink             |       |     1 ||     1
  Use: Potion            |     1 |     4 ||     5
       Scroll            |     4 |     2 ||     6
  Eat: Chunk             |     1 |     3 ||     4
Armor: Skin              |    16 |       ||    16
       Robe              |    11 |     3 ||    14
Dodge: Dodged            |    36 |    22 ||    58
